| TOP OF THE 1ST |
|
Frisco RoughRiders batting - Pitching for Bowie Baysox : RHP Ryan Hemmerich
|
|
Pitching: RHP Ryan Hemmerich
|
|
|
Batting: SHB Johnny Stables
|
0-0: Ball 1-0: Called Strike 1-1: Fly out, F7 (Flyball, 7D, EV 85.6 MPH)
|
|
Batting: LHB Davey Schonewille
|
0-0: Foul Ball, location: 2F 0-1: Ball 1-1: Fly out, F5 (Popup, 56, EV 71.9 MPH)
|
|
Batting: RHB Andrew Clarke
|
0-0: Ball 1-0: Ball 2-0: Ball 3-0: Base on Balls
|
|
Batting: LHB Alfonso Collazo
|
0-0: Ball 1-0: Foul Ball, location: 2F 1-1: Foul Ball, location: 2F 1-2: Ball 2-2: Foul Ball, location: 2F 2-2: Foul Ball, location: 2F 2-2: Ball 3-2: Foul Ball, location: 2F 3-2: 2-RUN HOME RUN (Flyball, 7LD, EV 95.6 MPH), Distance : 360 ft
|
|
Batting: RHB Jason Swisher
|
0-0: Fly out, F7 (Flyball, 78D, EV 96.9 MPH)
|
| Top of the 1st over - 2 runs, 1 hit, 0 errors, 0 left on base; Frisco 2 - Bowie 0 |
| BOTTOM OF THE 1ST |
|
Bowie Baysox batting - Pitching for Frisco RoughRiders : LHP John Roe
|
|
Pitching: LHP John Roe
|
|
|
Batting: RHB Ryan Taylor
|
0-0: Called Strike 0-1: Ball 1-1: Ball 2-1: Ball 3-1: Base on Balls
|
|
Batting: LHB James Betron
|
0-0: Fielders Choice at 2nd, 4-6 (Groundball, 34D, EV 104.4 MPH)
|
|
Batting: RHB Travis Carter
|
0-0: Ball James Betron steals 2nd base 1-0: Ball 2-0: Ground out 5-3 (Groundball, 56, EV 82.5 MPH)
|
|
Batting: LHB Raul Rojas
|
0-0: Called Strike 0-1: Ball 1-1: Called Strike 1-2: Foul Ball, location: 2F 1-2: Ball 2-2: SINGLE (Line Drive, 6D, EV 100.6 MPH) James Betron to third Runner from 3rd tries for Home, SAFE, throw by CF to home
|
|
Batting: RHB Edwin Ramos
|
0-0: Called Strike 0-1: SINGLE (Groundball, 6MD, EV 93.8 MPH) Raul Rojas to second
|
|
Batting: RHB Jordan Wallace
|
0-0: Ball 1-0: SINGLE (Groundball, 56D, EV 95.6 MPH) Raul Rojas to third Edwin Ramos to second Runner from 3rd tries for Home, SAFE, throw by LF to home
|
|
Batting: LHB Jose Fierro
|
0-0: Ball 1-0: Ground out 5-3 (Groundball, 5S, EV 81.2 MPH)
|
| Bottom of the 1st over - 2 runs, 3 hits, 0 errors, 2 left on base; Frisco 2 - Bowie 2 |
| TOP OF THE 2ND |
|
Frisco RoughRiders batting - Pitching for Bowie Baysox : RHP Ryan Hemmerich
|
|
Batting: RHB Chris Torlak
|
0-0: SINGLE (Groundball, 56S, EV 70.6 MPH) (infield hit)
|
|
Batting: RHB Brandon Davis
|
0-0: Called Strike Chris Torlak is caught stealing 2nd base 2-4 0-1: Ball 1-1: Ground out 4-3 (Groundball, 4, EV 81.2 MPH)
|
|
Batting: RHB Zach Thomason
|
0-0: Ball 1-0: Foul Ball, location: 2F 1-1: Ball 2-1: Swinging Strike 2-2: Ball 3-2: Foul Ball, location: 2F 3-2: SINGLE (Groundball, 4, EV 105.0 MPH) (infield hit)
|
|
Batting: LHB Franklin Quezada
|
0-0: Called Strike 0-1: Ball 1-1: Ball 2-1: Fielders Choice at 2nd, 6-4 (Groundball, 6, EV 90.0 MPH)
|
| Top of the 2nd over - 0 runs, 2 hits, 0 errors, 1 left on base; Frisco 2 - Bowie 2 |
| BOTTOM OF THE 2ND |
|
Bowie Baysox batting - Pitching for Frisco RoughRiders : LHP John Roe
|
|
Batting: LHB Wes Goscinski
|
0-0: Foul Ball, location: 2F 0-1: Ball 1-1: Foul Ball, location: 2F 1-2: Ground out 1-3 (Groundball, 13, EV 68.8 MPH)
|
|
Batting: SHB Hugo Moreno
|
0-0: Swinging Strike 0-1: Foul Ball, location: 2F 0-2: Ball 1-2: Ball 2-2: SINGLE (Groundball, 6D, EV 107.5 MPH)
|
|
Batting: RHB Ryan Taylor
|
0-0: Fly out, F9 (Flyball, 9D, EV 99.4 MPH)
|
|
Batting: LHB James Betron
|
0-0: Ball 1-0: Swinging Strike 1-1: Called Strike 1-2: Ball 2-2: Strikes out swinging
|
| Bottom of the 2nd over - 0 runs, 1 hit, 0 errors, 1 left on base; Frisco 2 - Bowie 2 |
| TOP OF THE 3RD |
|
Frisco RoughRiders batting - Pitching for Bowie Baysox : RHP Ryan Hemmerich
|
|
Batting: SHB Johnny Stables
|
0-0: Fly out, F9 (Flyball, 89M, EV 80.0 MPH)
|
|
Batting: LHB Davey Schonewille
|
0-0: Ball 1-0: Ball 2-0: Fly out, F9 (Flyball, 9S, EV 91.2 MPH)
|
|
Batting: RHB Andrew Clarke
|
0-0: Ball 1-0: Foul Ball, location: 2F 1-1: Foul Ball, location: 2F 1-2: Fly out, F4 (Line Drive, 4M, EV 67.5 MPH)
|
| Top of the 3rd over - 0 runs, 0 hits, 0 errors, 0 left on base; Frisco 2 - Bowie 2 |
| BOTTOM OF THE 3RD |
|
Bowie Baysox batting - Pitching for Frisco RoughRiders : LHP John Roe
|
|
Batting: RHB Travis Carter
|
0-0: Swinging Strike 0-1: Ball 1-1: Ball 2-1: Ball 3-1: Called Strike 3-2: Strikes out swinging
|
|
Batting: LHB Raul Rojas
|
0-0: Called Strike 0-1: Swinging Strike 0-2: Ball 1-2: Strikes out looking
|
|
Batting: RHB Edwin Ramos
|
0-0: SOLO HOME RUN (Flyball, 8RXD, EV 115.6 MPH), Distance : 460 ft
|
|
Batting: RHB Jordan Wallace
|
0-0: Called Strike 0-1: Called Strike 0-2: Fly out, F9 (Line Drive, 9LM, EV 103.1 MPH)
|
| Bottom of the 3rd over - 1 run, 1 hit, 0 errors, 0 left on base; Frisco 2 - Bowie 3 |
| TOP OF THE 4TH |
|
Frisco RoughRiders batting - Pitching for Bowie Baysox : RHP Ryan Hemmerich
|
|
Batting: LHB Alfonso Collazo
|
0-0: Foul Ball, location: 2F 0-1: Ball 1-1: Foul Ball, location: 2F 1-2: Foul Ball, location: 2F 1-2: Foul Ball, location: 2F 1-2: Ball 2-2: SOLO HOME RUN (Flyball, 9LD, EV 102.5 MPH), Distance : 381 ft
|
|
Batting: RHB Jason Swisher
|
0-0: Reached on error, E6 (Groundball, 6, EV 82.5 MPH)
|
|
Batting: RHB Chris Torlak
|
0-0: Swinging Strike Jason Swisher is caught stealing 2nd base 2-4 0-1: Ball 1-1: Ball 2-1: Ball 3-1: Called Strike 3-2: SINGLE (Line Drive, 89S, EV 90.0 MPH)
|
|
Batting: RHB Brandon Davis
|
0-0: Called Strike Chris Torlak steals 2nd base (no throw) 0-1: Ball 1-1: Swinging Strike 1-2: Strikes out looking
|
|
Batting: RHB Zach Thomason
|
0-0: Foul Ball, location: 2F 0-1: Called Strike 0-2: Ball 1-2: Ground out 5-3 (Groundball, 5L, EV 87.5 MPH)
|
| Top of the 4th over - 1 run, 2 hits, 1 error, 1 left on base; Frisco 3 - Bowie 3 |
| BOTTOM OF THE 4TH |
|
Bowie Baysox batting - Pitching for Frisco RoughRiders : LHP John Roe
|
|
Batting: LHB Jose Fierro
|
0-0: Ball 1-0: Ball 2-0: Called Strike 2-1: Fly out, F7 (Line Drive, 7LM, EV 90.6 MPH)
|
|
Batting: LHB Wes Goscinski
|
0-0: Ball 1-0: Ball 2-0: Foul Ball, location: 2F 2-1: Foul Ball, location: 2F 2-2: Foul Ball, location: 2F 2-2: Foul Ball, location: 2F 2-2: Ball 3-2: SINGLE (Flyball, 4MD, EV 96.9 MPH) - OUT at second base trying to stretch hit.
|
|
Batting: SHB Hugo Moreno
|
0-0: Ball 1-0: Ball 2-0: Fly out, F8 (Flyball, 8RM, EV 91.9 MPH)
|
| Bottom of the 4th over - 0 runs, 1 hit, 0 errors, 0 left on base; Frisco 3 - Bowie 3 |
| TOP OF THE 5TH |
|
Frisco RoughRiders batting - Pitching for Bowie Baysox : RHP Ryan Hemmerich
|
|
Batting: LHB Franklin Quezada
|
0-0: Foul Ball, location: 2F 0-1: Ball 1-1: SINGLE (Groundball, 56D, EV 100.6 MPH)
|
|
Batting: SHB Johnny Stables
|
0-0: Called Strike 0-1: Fielders Choice at 2nd, 4-6 (Groundball, 4, EV 106.2 MPH)
|
|
Batting: LHB Davey Schonewille
|
0-0: Ball Johnny Stables is caught stealing 2nd base 2-6 1-0: Called Strike 1-1: Ball 2-1: SINGLE (Groundball, 6M, EV 100.0 MPH) (infield hit)
|
|
Batting: RHB Andrew Clarke
|
0-0: Ball 1-0: Called Strike Davey Schonewille steals 2nd base (no throw) 1-1: Ball 2-1: Foul Ball, location: 2F 2-2: Reached on error, E4 (Groundball, 4, EV 99.4 MPH) Davey Schonewille to third
|
|
Batting: LHB Alfonso Collazo
|
0-0: Ball 1-0: Called Strike 1-1: Ball Wild Pitch! Davey Schonewille scores Andrew Clarke to second 2-1: Swinging Strike 2-2: Ball 3-2: Base on Balls
|
|
Batting: RHB Jason Swisher
|
0-0: DOUBLE (Line Drive, 78XD, EV 100.0 MPH) Andrew Clarke scores Alfonso Collazo to third Runner from 3rd tries for Home, SAFE, no throw by CF
|
|
Pitching: LHP Joel Beery
|
|
|
Batting: RHB Chris Torlak
|
0-0: Foul Ball, location: 2F 0-1: Ball 1-1: Fly out, F7 (Flyball, 78S, EV 91.2 MPH)
|
| Top of the 5th over - 3 runs, 3 hits, 1 error, 1 left on base; Frisco 6 - Bowie 3 |
| BOTTOM OF THE 5TH |
|
Bowie Baysox batting - Pitching for Frisco RoughRiders : LHP John Roe
|
|
Batting: RHB Ryan Taylor
|
0-0: Ball 1-0: Ground out 4-3 (Groundball, 4, EV 91.9 MPH)
|
|
Batting: LHB James Betron
|
0-0: Ball 1-0: DOUBLE (Line Drive, 7LD, EV 106.2 MPH)
|
|
Batting: RHB Travis Carter
|
0-0: Foul Ball, location: 2F 0-1: Ball 1-1: Swinging Strike 1-2: Strikes out swinging
|
|
Batting: LHB Raul Rojas
|
0-0: Called Strike 0-1: Foul Ball, location: 2F 0-2: Foul Ball, location: 2F 0-2: Fly out, F7 (Flyball, 78M, EV 89.4 MPH)
|
| Bottom of the 5th over - 0 runs, 1 hit, 0 errors, 1 left on base; Frisco 6 - Bowie 3 |
| TOP OF THE 6TH |
|
Frisco RoughRiders batting - Pitching for Bowie Baysox : LHP Joel Beery
|
|
Batting: RHB Brandon Davis
|
0-0: Ball 1-0: Ball 2-0: Ground out 6-3 (Groundball, 6, EV 81.9 MPH)
|
|
Batting: RHB Zach Thomason
|
0-0: Ground out 6-3 (Groundball, 6, EV 81.2 MPH)
|
|
Batting: LHB Franklin Quezada
|
0-0: Ball 1-0: Ball 2-0: Ball 3-0: Fly out, F8 (Flyball, 89S, EV 85.0 MPH)
|
| Top of the 6th over - 0 runs, 0 hits, 0 errors, 0 left on base; Frisco 6 - Bowie 3 |
| BOTTOM OF THE 6TH |
|
Bowie Baysox batting - Pitching for Frisco RoughRiders : LHP John Roe
|
|
Batting: RHB Edwin Ramos
|
0-0: Foul Ball, location: 2F 0-1: Ball 1-1: Ball 2-1: Fly out, F8 (Flyball, 8RS, EV 87.5 MPH)
|
|
Batting: RHB Jordan Wallace
|
0-0: Ball 1-0: Foul Ball, location: 2F 1-1: Hit by Pitch
|
|
Batting: LHB Jose Fierro
|
0-0: Reached on error, E4 (Groundball, 34, EV 90.6 MPH) Jordan Wallace to second
|
|
Batting: LHB Wes Goscinski
|
0-0: Ball 1-0: Called Strike 1-1: Foul Ball, location: 2F 1-2: Ball 2-2: Ball 3-2: Fly out, F8 (Flyball, 89M, EV 96.2 MPH)
|
|
Batting: SHB Hugo Moreno
|
0-0: Called Strike 0-1: Swinging Strike 0-2: Ball 1-2: Ball 2-2: Strikes out looking
|
| Bottom of the 6th over - 0 runs, 0 hits, 1 error, 2 left on base; Frisco 6 - Bowie 3 |
| TOP OF THE 7TH |
|
Frisco RoughRiders batting - Pitching for Bowie Baysox : LHP Joel Beery
|
|
Batting: SHB Johnny Stables
|
0-0: Foul Ball, location: 2F 0-1: Ground out 1-3 (Groundball, 13S, EV 69.4 MPH)
|
|
Batting: LHB Davey Schonewille
|
0-0: Ball 1-0: Swinging Strike 1-1: Foul Ball, location: 2F 1-2: Foul Ball, location: 2F 1-2: Fly out, F9 (Flyball, 9S, EV 87.5 MPH)
|
|
Batting: RHB Andrew Clarke
|
0-0: Ball 1-0: Foul Ball, location: 2F 1-1: Ground out 6-3 (Groundball, 6, EV 87.5 MPH)
|
| Top of the 7th over - 0 runs, 0 hits, 0 errors, 0 left on base; Frisco 6 - Bowie 3 |
| BOTTOM OF THE 7TH |
|
Bowie Baysox batting - Pitching for Frisco RoughRiders : LHP John Roe
|
|
Pitching: RHP Elvis Diaz
|
|
|
Batting: RHB Ryan Taylor
|
0-0: Ball 1-0: Ball 2-0: Ball 3-0: Called Strike 3-1: Foul Ball, location: 2F 3-2: Foul Ball, location: 2F 3-2: Base on Balls
|
|
Batting: LHB James Betron
|
0-0: Sac Bunt to 2R - play at first, batter OUT! 2-3 Ryan Taylor to second
|
|
Batting: RHB Travis Carter
|
0-0: Ball 1-0: Ground out 5-3 (Groundball, 56, EV 91.2 MPH)
|
|
Pitching: LHP Justin Harris
|
|
|
Pinch Hitting: RHB Tony Logan
|
0-0: Swinging Strike 0-1: Ground out 5-3 (Groundball, 56, EV 106.9 MPH)
|
| Bottom of the 7th over - 0 runs, 0 hits, 0 errors, 1 left on base; Frisco 6 - Bowie 3 |
| TOP OF THE 8TH |
|
Frisco RoughRiders batting - Pitching for Bowie Baysox : LHP Joel Beery
|
|
Now at 1B: Jordan Wallace
|
|
|
Now at 3B: Tony Logan
|
|
|
Batting: LHB Alfonso Collazo
|
0-0: Ball 1-0: Ball 2-0: Ball 3-0: Base on Balls
|
|
Batting: RHB Jason Swisher
|
0-0: Ball 1-0: Ball 2-0: Foul Ball, location: 2F 2-1: Called Strike 2-2: Foul Ball, location: 2F 2-2: Fielders Choice at 2nd, 1-6 (Groundball, 13S, EV 66.2 MPH)
|
|
Batting: RHB Chris Torlak
|
0-0: Ball 1-0: Called Strike 1-1: Called Strike 1-2: Strikes out swinging
|
|
Batting: RHB Brandon Davis
|
0-0: Fly out, F2 (Popup, 13S, EV 83.1 MPH)
|
| Top of the 8th over - 0 runs, 0 hits, 0 errors, 1 left on base; Frisco 6 - Bowie 3 |
| BOTTOM OF THE 8TH |
|
Bowie Baysox batting - Pitching for Frisco RoughRiders : LHP Justin Harris
|
|
Pitching: RHP Willie Felix
|
|
|
Batting: RHB Edwin Ramos
|
0-0: Called Strike 0-1: Ball 1-1: Ball 2-1: Swinging Strike 2-2: Foul Ball, location: 2F 2-2: Ball 3-2: DOUBLE (Line Drive, 89D, EV 101.2 MPH)
|
|
Pinch Hitting: LHB Ben Antal
|
0-0: Ball 1-0: Foul Ball, location: 2F 1-1: Ball 2-1: Called Strike 2-2: Foul Ball, location: 2F 2-2: Ground out 1-3 (Groundball, P, EV 68.8 MPH) Edwin Ramos to third
|
|
Batting: LHB Jose Fierro
|
0-0: Ball 1-0: Called Strike 1-1: Called Strike 1-2: Ball 2-2: Strikes out swinging
|
|
Batting: LHB Wes Goscinski
|
0-0: Called Strike 0-1: Foul Ball, location: 2F 0-2: Strikes out looking
|
| Bottom of the 8th over - 0 runs, 1 hit, 0 errors, 1 left on base; Frisco 6 - Bowie 3 |
| TOP OF THE 9TH |
|
Frisco RoughRiders batting - Pitching for Bowie Baysox : LHP Joel Beery
|
|
Pitching: RHP Jose Rico
|
|
|
Now at 1B: Edwin Ramos
|
|
|
Now in LF: Ben Antal
|
|
|
Batting: RHB Zach Thomason
|
0-0: Ball 1-0: Ball 2-0: Called Strike 2-1: Fly out, F7 (Flyball, 7LS, EV 86.9 MPH)
|
|
Batting: LHB Franklin Quezada
|
0-0: SINGLE (Groundball, 25, EV 73.8 MPH) (infield hit)
|
|
Batting: SHB Johnny Stables
|
0-0: SINGLE (Groundball, 4MD, EV 102.5 MPH) Franklin Quezada to second
|
|
Batting: LHB Davey Schonewille
|
0-0: Called Strike 0-1: Called Strike 0-2: Fielders Choice at 2nd, 3-6 (Groundball, 3, EV 79.4 MPH) Franklin Quezada to third
|
|
Batting: RHB Andrew Clarke
|
0-0: Called Strike Davey Schonewille steals 2nd base 0-1: Foul Ball, location: 2F 0-2: Ball 1-2: Ball 2-2: Foul Ball, location: 2F 2-2: SINGLE (Groundball, 56D, EV 97.5 MPH) Franklin Quezada scores Davey Schonewille to third Runner from 3rd tries for Home, SAFE, throw by LF to home Andrew Clarke to second
|
|
Batting: LHB Alfonso Collazo
|
0-0: Ball 1-0: Called Strike 1-1: Ball 2-1: Called Strike 2-2: Ball 3-2: Base on Balls
|
|
Batting: RHB Jason Swisher
|
0-0: Foul Ball, location: 2F 0-1: Ball 1-1: Foul Ball, location: 2F 1-2: Foul Ball, location: 2F 1-2: Strikes out swinging
|
| Top of the 9th over - 2 runs, 3 hits, 0 errors, 2 left on base; Frisco 8 - Bowie 3 |
| BOTTOM OF THE 9TH |
|
Bowie Baysox batting - Pitching for Frisco RoughRiders : RHP Willie Felix
|
|
Batting: SHB Hugo Moreno
|
0-0: Swinging Strike 0-1: Ball 1-1: Ground out U3 (Groundball, 3L, EV 80.0 MPH)
|
|
Batting: RHB Ryan Taylor
|
0-0: Ground out 5-3 (Groundball, 56S, EV 86.2 MPH)
|
|
Batting: LHB James Betron
|
0-0: Called Strike 0-1: Swinging Strike 0-2: Ball 1-2: Ball 2-2: Fly out, F7 (Flyball, 78S, EV 90.6 MPH)
|
| Bottom of the 9th over - 0 runs, 0 hits, 0 errors, 0 left on base; Frisco 8 - Bowie 3 |
|